 Dungeon Crawl Stone Soup version 0.28-a0-773-g130ae17fe5 (webtiles) character file.

Game seed: 13803055712383878365

74 spiderkeys the Skirmisher (level 4, -3/44 HPs)
             Began as a Troll Abyssal Knight on Nov 1, 2021.
             Was a Follower of Lugonu.
             Slain by a starcursed mass (13 damage)
             ... on level 2 of the Abyss.
             The game lasted 00:01:07 (117 turns).

spiderkeys the Skirmisher (Troll Abyssal Knight)     Turns: 117, Time: 00:01:08

Health: -3/44      AC:  4    Str: 22    XL:     4   Next: 10%
Magic:  4/4        EV: 10    Int:  6    God:    Lugonu [*.....]
Gold:   16         SH:  0    Dex: 10    Spells: 3/3 levels left

rFire   . . .      SeeInvis .     - Unarmed
rCold   . . .      Faith    .   (no shield)
rNeg    . . .      Spirit   .   a - +0 robe
rPois   .          Reflect  .   (helmet restricted)
rElec   .          Harm     .   (no cloak)
rCorr   .          Rampage  .   (gloves unavailable)
Will    .....                   (boots unavailable)
Stlth   +.........              (no amulet)
HPRegen 1.14/turn               (no ring)
MPRegen 0.09/turn               (no ring)

@: no status effects
A: large, unfitting armour, claws 3, regeneration 1, shaggy fur 1, tough skin 1
a: Renounce Religion, Depart the Abyss


You were on level 2 of the Abyss.
You worshipped Lugonu.
Lugonu was aware of your devotion.
You visited 0 branches of the dungeon, and saw 0 of its levels.
You visited the Abyss 1 time.

You collected 16 gold pieces.


Innate Abilities, Weirdness & Mutations

You are too large for most types of armour.
You have claws for hands.
Your natural rate of healing is unusually fast.
You are covered in fur. (AC +1)
You have tough skin. (AC +1)


   Skills:
 + Level 2.9 Fighting
 + Level 2.4 Dodging
 + Level 2.7 Unarmed Combat
 + Level 2.3 Invocations


You had 3 spell levels left.
You didn't know any spells.
Your spell library was empty.

Inventory:

Armour
 a - a +0 robe (worn)

Dungeon Overview and Level Annotations

Branches:
Dungeon (0/15)

Altars:

.. # ##.##### ## ######
## ..####..#≈≈≈≈ ≈ ≈§≈§§
#.#..##.#..#.###### ##
## ................ . .
#.... #.......... .. ##.
## #
#..##........#....### .#
##[ #∩.......##......
... . #...............#
. . #...@.##. . .... # .
#...XX#.. . ... #
##.......X.X...........#
..##......#...#.# #.
#......##.##.#.#.##.
......... ... . #
#..#..#####.##. .# . .#
.###.## .. .. ..#.#. #..
. .. . ... .


You could see 4 starcursed masses.


Message History

✅ Successfully initialized magus.rc [v1.9.10] Welcome, spiderkeys the Troll Abyssal Knight.
Everyone else who sought the Orb of Zot has failed.
Will you be different?
Lugonu says: Depart the Abyss and spread corruption, my servant! (use the ability menu to exit the Abyss) Press ? for a list of commands and other information.
Found 16 gold pieces.
Found a corrupted altar of Lugonu.
You now have 16 gold pieces.
Found a gateway leading out of the Abyss.
Found a gateway leading deeper into the Abyss.
There is a gateway leading deeper into the Abyss here.
You plunge deeper into the Abyss.
b - a wand of iceblast (7)
Found a gateway leading deeper into the Abyss.
Okay, then.
Aiming: Iceblast
Press: ? - help, Shift-Dir - straight line, f - small abomination
Aim: a small abomination The mass of ice explodes!
The iceblast engulfs the small abomination.
Aiming: Iceblast
Press: ? - help, Shift-Dir - straight line, f/p - small abomination
Aim: a small abomination (lightly damaged)
The mass of ice explodes!
The iceblast engulfs the small abomination!
Aiming: Iceblast
Press: ? - help, Shift-Dir - straight line, f/p - small abomination
Aim: a small abomination (severely damaged)
The mass of ice explodes!
The iceblast engulfs the small abomination.
Aiming: Iceblast
Press: ? - help, Shift-Dir - straight line, f/p - small abomination
Aim: a small abomination (almost destroyed)
The mass of ice explodes!
The iceblast engulfs the small abomination!
You destroy the small abomination!
A starcursed mass comes into view.
Your Dodging skill increases to level 2!
Your Invocations skill increases to level 2!
You have reached level 2!
You have reached level 3!
Your experience leads to an increase in your attributes!
Increase (S)trength, (I)ntelligence, or (D)exterity?
You feel stronger. x2
You have reached level 4! 😎 HP[+22] MP[+3]
You now have 44 max hp (+22).
Your hp is fully restored (44).
Your mp is fully restored (4).
The substance of the Abyss twists violently, and a gateway leading out appears!
There is a gateway leading out of the Abyss here.
A starcursed mass splits.
Unknown command.
Aiming: Iceblast
Press: ? - help, Shift-Dir - straight line, f - starcursed mass
Aim: a starcursed mass The mass of ice explodes!
The iceblast engulfs the starcursed mass. x2
The starcursed mass shudders and is absorbed by its neighbour.
A starcursed mass splits.
A chorus of shrieks assaults your mind. 😕 HP[-8]
You take 8 damage, and now have 36/44 hp.
Aiming: Iceblast
Press: ? - help, Shift-Dir - straight line, f/p - starcursed mass
Aim: a starcursed mass (lightly damaged)
The mass of ice explodes!
The iceblast engulfs the starcursed mass. x2
The starcursed mass shudders and is absorbed by its neighbour.
The starcursed mass shrieks in your mind. 😮 HP[-6]
You take 6 damage, and now have 30/44 hp.
Aiming: Iceblast
Press: ? - help, Shift-Dir - straight line, p - starcursed mass The mass of ice explodes!
The iceblast engulfs the starcursed mass!
The now-empty wand crumbles to dust. 😮 HP[+1]
You aren't carrying any items that you can evoke.
Unknown command.
A starcursed mass splits.
The starcursed mass shrieks in your mind. 😮 HP[-7]
You take 7 damage, and now have 24/44 hp.
Unknown command.
A starcursed mass splits. 😮 HP[+1]
You scratch the starcursed mass but do no damage.
The starcursed mass touches you.
* * * LOW HITPOINT WARNING * * *
A starcursed mass splits. x2 😨 HP[-5]
You take 5 damage, and now have 20/44 hp.
The starcursed mass touches you!
* * * LOW HITPOINT WARNING * * *
😱 HP[-11]
You take 11 damage, and now have 9/44 hp.
MASSIVE DAMAGE!! (PAUSE)
Okay, then.
You scratch the starcursed mass but do no damage.
The starcursed mass touches you!
You die...

Skill      XL: |  1 |
---------------+----+-----
Dodging        | 2 |  2.4
Invocations    | 2 |  2.3
Fighting       | |  2.9
Unarmed Combat | |  2.7

Action                   |  1- 3 |  4- 6 || total
-------------------------+-------+-------++-------
Melee: Unarmed           |       |     2 ||     2
Evoke: Wand              |     4 |     3 ||     7

Levels and vault maps discovered:
Abyss:2:  base: Temple, guppyfry_abyss_exit_glass_guarded

Notes
Turn   | Place    | Note
-------+----------+-------------------------------------------
     0 | Abyss:1  | spiderkeys the Troll Abyssal Knight began the quest for the
                  | Orb.
     0 | Abyss:1  | Reached XP level 1. HP: 22/22 MP: 1/1
     0 | Abyss:1  | magus.rc [v1.9.10]
   101 | Abyss:2  | Noticed a small abomination
   106 | Abyss:2  | Killed a small abomination
   106 | Abyss:2  | Noticed a starcursed mass
   107 | Abyss:2  | Reached skill level 2 in Dodging
   107 | Abyss:2  | Reached skill level 2 in Invocations
   107 | Abyss:2  | Reached XP level 2. HP: 29/29 MP: 2/2
   107 | Abyss:2  | Reached XP level 3. HP: 36/36 MP: 3/3
   107 | Abyss:2  | Reached XP level 4. HP: 44/44 MP: 4/4
   116 | Abyss:2  | HP: 9/44 [starcursed mass (12)]
   117 | Abyss:2  | Slain by a starcursed mass

Vanquished Creatures
  A small abomination (Abyss:2)
1 creature vanquished.

Table legend:
 A = Non-vault XP
 B = Vault XP
 C = Vault XP percentage of total XP
 D = Non-vault monster count
 E = Vault monster count
 F = Vault count percentage of total count
                 A         B        C        D         E       F
            +---------+---------+-------+---------+---------+-------
      Total |     107 |       0 |   0.0 |       1 |       0 |   0.0
            +---------+---------+-------+---------+---------+-------
    Abyss:2 |     107 |       0 |   0.0 |       1 |       0 |   0.0
            +---------+---------+-------+---------+---------+-------

Illustrated notes

Table legend:
 A = Kills in this place as a percentage of kills in entire the game.
 B = Kills by you in this place as a percentage of kills by you in the entire game.
 C = Kills by friends in this place as a percentage of kills by friends in the entire game.
 D = Other kills in this place as a percentage of other kills in the entire game.
 E = Experience gained in this place as a percentage of experience gained in the entire game.
 F = Experience gained in this place divided by the number of levels of this place that you have seen.
                   A       B       C       D       E      F
               +-------+-------+-------+-------+-------+----------------------
         Total | 100.0 | 100.0 |   N/A |   N/A | 100.0 |  53.5
         Abyss | 100.0 | 100.0 |   N/A |   N/A | 100.0 |  53.5
               +-------+-------+-------+-------+-------+----------------------

Table legend: (Time is in decaauts)
 A = Elapsed time spent in this place.
 B = Non-inter-level travel time spent in this place.
 C = Inter-level travel time spent in this place.
 D = Time resting spent in this place.
 E = Time spent auto-exploring this place.
 F = Levels seen in this place.
 G = Mean time per level.
                   A        B        C        D        E       F      G
               +--------+--------+--------+--------+--------+-----+--------+
         Total |    116 |    116 |      0 |      0 |     47 |   2 |   58.0 |
         Abyss |    116 |    116 |      0 |      0 |     47 |   2 |   58.0 |
               +--------+--------+--------+--------+--------+-----+--------+

Top non-repeatable levels by time:
 Abyss:2: 60 daAuts
 Abyss:1: 56 daAuts
